 Dungeon Crawl Stone Soup version 0.21-a0-476-gd103f4b (webtiles) character file.

9 Gildeon the Grave Robber (level 2, -1/19 HPs)
             Began as a Human Necromancer on Nov 22, 2017.
             Slain by a jackal (3 damage)
             ... on level 2 of the Dungeon.
             The game lasted 00:06:59 (606 turns).

Gildeon the Grave Robber (Human Necromancer)         Turns: 606, Time: 00:07:00

Health: -1/19      AC:  2    Str:  8    XL:     2   Next: 20%
Magic:  0/5        EV: 12    Int: 15    God:
Gold:   29         SH:  0    Dex: 13    Spells: 4/6 levels left

rFire    . . .     SeeInvis .   e - +0 whip
rCold    . . .     Gourm    .   (no shield)
rNeg     . . .     Faith    .   a - +0 robe
rPois    .         Spirit   .   (no helmet)
rElec    .         Reflect  .   (no cloak)
rCorr    .         Harm     .   (no gloves)
MR       .....                  (no boots)
Stlth    ++........             (no amulet)
HPRegen  0.06/turn              h - ring of stealth
MPRegen  0.09/turn              i - ring of loudness (curse)

@: no status effects
A: no striking features
a: no special abilities


You were on level 2 of the Dungeon.
You were not hungry.

You visited 1 branch of the dungeon, and saw 2 of its levels.

You collected 29 gold pieces.

Inventory:

Hand Weapons
 e - a +0 whip (weapon)
Missiles
 d - 32 poisoned needles (quivered)
Armour
 a - a +0 robe (worn)
Jewellery
 h - a ring of stealth (left hand)
 i - a cursed ring of loudness (right hand)
Scrolls
 g - 3 scrolls of teleportation
Potions
 f - a potion of magic
Books
 b - a book of Necromancy

   Spells                             Type                      Level
   a - Pain                           Necromancy                   1
   b - Animate Skeleton               Necromancy                   1
   c - Vampiric Draining              Necromancy                   3
   d - Regeneration                   Charms/Necromancy            3
   e - Animate Dead                   Necromancy                   4
   f - Control Undead                 Necromancy                   4
Comestibles
 c - a bread ration
 j - 5 chunks of flesh


   Skills:
 - Level 2.0 Dodging
 - Level 2.0 Stealth
 + Level 2.6 Spellcasting
 - Level 4.0 Necromancy


You had 4 spell levels left.
You knew the following spells:

 Your Spells              Type           Power        Failure   Level  Hunger
a - Pain                  Necr           ##..         4%          1    #......
b - Animate Skeleton      Necr           N/A          4%          1    #......


Dungeon Overview and Level Annotations

Branches:
Dungeon (2/15)

Altars:


Message History

The jackal is lightly wounded.
The jackal bites you but does no damage.
You closely miss the jackal.
The jackal is lightly wounded.
The jackal completely misses you. The jackal bites you.
* * * LOW HITPOINT WARNING * * *
The jackal closely misses you.
Casting: Pain
Confirm with . or Enter, or press ? or * to list all spells.
Aiming: Pain
Press: ? - help, Shift-Dir - straight line, f/p - jackal
Aim: a jackal (lightly wounded, chance to defeat MR: 85%)
The jackal writhes in agony!
The jackal misses you.
A jackal comes into view.
The jackal moves out of view.
The jackal closely misses you.
Found 7 gold pieces.
The jackal bites you.
* * * LOW HITPOINT WARNING * * *
The jackal bites you.
You die...

### #.# #.. #.#
#.#####
#######.....#
#.(..@hh.##.#
#..(.....##.#
#...$....##.#
#......##(###.#
#...... #.....#
#...... #####.#
######> ..# ..
..# ...#


You could see 2 jackals.

Vanquished Creatures
  A dart slug (D:1)
  A bat (D:1)
  2 hobgoblins (D:1)
  A jackal (D:2)
  A goblin (D:1)
6 creatures vanquished.

Notes
Turn   | Place    | Note
-------+----------+-------------------------------------------
     0 | D:1      | Gildeon the Human Necromancer began the quest for the Orb.
     0 | D:1      | Reached XP level 1. HP: 13/13 MP: 3/3
     7 | D:1      | Learned a level 1 spell: Animate Skeleton
   421 | D:1      | Reached XP level 2. HP: 8/19 MP: 0/5
   582 | D:1      | You fall through a shaft!
   606 | D:2      | Slain by a jackal

Vault maps used:
D:1:      minmay_arrival_glassed_features
D:2:      xom_teletrap_fun

Action                   || total
-------------------------++-------
Melee: Whip              ||     9
 Cast: Pain              ||    14
       Animate Skeleton  ||     1
  Use: Scroll            ||     2
Armor: Robe              ||     4
Dodge: Dodged            ||    14

Table legend:
 A = Spawn XP
 B = Non-spawn XP
 C = Spawn XP percentage of total XP
 D = Spawn monster count
 E = Non-spawn monster count
 F = Spawn count percentage of total count
 G = Total turns spent on level
                    A         B        C        D         E        F      G
               +---------+---------+-------+---------+---------+-------+---------
         Total |       0 |      13 |   0.0 |       0 |       6 |   0.0 |   606
               +---------+---------+-------+---------+---------+-------+---------
           D:1 |       0 |      11 |   0.0 |       0 |       5 |   0.0 |   576
           D:2 |       0 |       2 |   0.0 |       0 |       1 |   0.0 |    30
               +---------+---------+-------+---------+---------+-------+---------
